 Dungeon Crawl Stone Soup version 0.32-a0-779-g362cfcae2a (webtiles) character file.

Game seed: 1644706841296799596

501 bjtr the Magician (level 7, -11/32 HPs)
             Began as a Vine Stalker Earth Elementalist on Mar 19, 2024.
             Killed by divine providence
             ... invoked by an orc priest
              (12 damage)
             ... on level 4 of the Dungeon on Mar 20, 2024.
             The game lasted 00:19:46 (4362 turns).

bjtr the Magician (Vine Stalker Earth Elementalist) Turns: 4362, Time: 00:19:47

Health: -11/32     AC:  4    Str: 10    XL:     7   Next: 17%
Magic:  0/15       EV: 10    Int: 17    God:
Gold:   292        SH:  5    Dex: 15    Spells: 9/16 levels left

rFire   . . .        a - +2 short sword (drain)
rCold   . . .        (no shield)
rNeg    . . .        g - +1 leather armour
rPois   .            (no helmet)
rElec   .            (no cloak)
rCorr   .            (no gloves)
SInv    .            (no boots)
Will    .....        s - amulet of reflection
Stlth   ++           (no ring)
HPRegen 1.05/turn    (no ring)
MPRegen 0.14/turn

%: reflection, guardian spirit
@: lethally poisoned (-11 -> -12), weak-willed
A: fangs 2, regeneration 1, magic shield, antimagic bite, no potion heal 2
a: Convert to Beogh


You were on level 4 of the Dungeon.
You visited 1 branch of the dungeon, and saw 4 of its levels.

You collected 292 gold pieces.

Inventory:

Hand Weapons
 a - a +2 short sword of draining (weapon)
 e - a +0 short sword
 k - a +1 mace of protection
Missiles
 h - 6 boomerangs
 j - 2 poisoned darts (quivered)
 v - 2 throwing nets
Armour
 c - a +0 robe
 g - a +1 leather armour (worn)
Magical Staves
 f - a staff of conjuration
Jewellery
 s - an amulet of reflection (around neck)
Wands
 z - a wand of flame (12)
Scrolls
 d - a scroll of torment
 n - 2 scrolls of butterflies
 w - a scroll of enchant weapon
Potions
 b - a potion of magic
 i - 2 potions of lignification
 l - a potion of heal wounds {unknown}
 p - a potion of curing {unknown}
 q - 2 potions of mutation
 r - a potion of ambrosia {unknown}
 t - a potion of cancellation {unknown}
 u - a potion of brilliance {unknown}
Miscellaneous
 x - a phantom mirror


   Skills:
 + Level 0.6 Fighting
 * Level 2.4 Short Blades
 + Level 1.1 Armour
 + Level 1.9 Dodging
 + Level 3.1 Stealth
 + Level 0.2 Shields
 * Level 5.1 Spellcasting
 + Level 1.3 Conjurations
 + Level 4.5 Earth Magic


You had 9 spell levels left.
You knew the following spells:

 Your Spells              Type           Power      Damage    Failure   Level
a - Sandblast             Erth           38%        2d10      3%          1
b - Passwall              Erth           19%        N/A       9%          3
c - Stone Arrow           Conj/Erth      28%        3d8       17%         3

Your spell library contained the following spells:

 Spells                   Type           Power      Damage    Failure   Level
 Shock                    Conj/Air       24%        1d4       14%         1
 Lesser Beckoning         Tloc           8%         N/A       28%         2
 Gell's Gravitas          Tloc           4%         N/A       50%         3
 Inner Flame              Hex/Fire       4%         N/A       50%         3
 Sigil of Binding         Hex            4%         N/A       50%         3
 Swiftness                Air            4%         N/A       50%         3
 Teleport Other           Tloc           4%         N/A       50%         3
 Brom's Barrelling Bould  Conj/Erth      14%        2d4       50%         4
 Petrify                  Alch/Erth      12%        N/A       58%         4
 Airstrike                Air            2%         2d(1-17)  88%         4
 Irradiate                Conj/Alch      3%         3d12      99%         5
 Death Channel            Necr           2%         N/A       100%        6
 Sculpt Simulacrum        Ice/Alch       2%         N/A       100%        6
 Ignition                 Fire           2%         3d3       100%        8


Dungeon Overview and Level Annotations

Branches:
Dungeon (4/15)
 Temple: D:4-7

Altars:
Trog
Wu Jian

Shops:
D:2 ((

Portals:
Abyss: D:3

Annotations:
D:3 2 transporters, avangion's ghost, amateur DECj


Innate Abilities, Weirdness & Mutations

You have extremely sharp teeth.
Your natural rate of healing is unusually fast.
When hurt, damage is shared between your health and your magic reserves.
Your bite disrupts and absorbs the magic of your enemies.
Potions cannot restore your health.


Message History

It was a scroll of poison.
You feel very sick. The water moccasin bites you.
As you read the scroll labelled DUDE TIRICWATAUX, it crumbles to dust.
A wave of despondency washes over your surroundings.
It was a scroll of vulnerability.
You feel very sick.
The water moccasin bites you but does no damage.
You block the water moccasin's attack.
Okay, then.
Unknown command.
Aiming: Phantom Mirror
Press: ? - help, Dir - move target, f - water moccasin, p - goblin
Aim: a water moccasin (heavily wounded, inner flame, weak-willed) Nothing appears to happen.
You feel very sick. The water moccasin misses you.
Unknown command.
Aiming: Phantom Mirror
Press: ? - help, Dir - move target, f/p - water moccasin
Aim: a water moccasin (heavily wounded, inner flame, weak-willed) Nothing appears to happen.
You feel sick. The water moccasin bites you. x2
* * * LOW HITPOINT WARNING * * *
Unknown command.
Unknown command.
Unknown command.
Casting: Sandblast (safe; 3% risk of failure)
Confirm with . or Enter, or press ? or * to list all spells.
Aiming: Passwall (quite dangerous; 9% risk of failure)
Press: ? - help, Dir - move target, p - water moccasin A rock wall.
This rock feels extremely deep.
The orc priest shouts, "The Pantheon deserves no one's loyalty.
Let us show you the true path!"
The orc priest shouts!
The orc priest shouts, "Beogh offers mercy even to people such as you.
Join us and be reborn!"
You feel sick. The water moccasin bites you.
* * * LOW HITPOINT WARNING * * *
The orc priest mumbles some strange prayers to Beogh against you.
Beogh smites you!
You die...

#.#.....................#
.###......###'###.......#
..........#.....#.##.#.#.
........o.#.....#.##..##
##
#####.#...#.._..#.##.##
#.#
#.#.#.#.....#.!..>###.#
#§#§.o#.....#..##..#.#
#§§§§§#######§###...#
####§§oS@§§§§§# #..##
#§§g####§#§# #..# #§###
#.#.# #..# #.# ##.#.#
#..# #.#####....# #..#
#..........###..#
######..........#
#.....###.## ##...####.#


You could see a water moccasin (inner flame, weak-willed), 3 orc priests and a
goblin (inner flame, weak-willed).

Vanquished Creatures
  Sigmund (D:3)
  A scorpion (D:4)
  A hound (D:4)
  Ijyb (D:4)
  A sleepcap (D:3)
  An iguana (D:3)
  3 gnolls
  7 adders
  3 ribbon worms
  3 dart slugs
  2 orcs (D:4)
  8 ball pythons
  8 endoplasms
  A giant cockroach (D:3)
  5 goblins
  7 hobgoblins
  10 kobolds
  2 quokkas (D:1)
  7 bats
  4 frilled lizards (D:2)
  4 rats
80 creatures vanquished.

Notes
Turn   | Place    | Note
-------+----------+-------------------------------------------
     0 | D:1      | bjtr the Vine Stalker Earth Elementalist began the quest
                  | for the Orb.
     0 | D:1      | Reached XP level 1. HP: 9/9 MP: 4/4
   179 | D:1      | Reached XP level 2. HP: 13/13 MP: 4/6
   814 | D:2      | Reached XP level 3. HP: 16/16 MP: 6/8
   818 | D:2      | Learned a level 3 spell: Passwall
   822 | D:2      | Learned a level 3 spell: Stone Arrow
   932 | D:2      | Reached skill level 3 in Spellcasting
   978 | D:2      | Reached XP level 4. HP: 17/21 MP: 3/9
  1265 | D:2      | Found Zoriot's Weapon Boutique.
  1368 | D:2      | Found Xialli's Weapon Emporium.
  1533 | D:2      | Upgraded the game from 0.32-a0-768-g0f6f1dd4b9 to
                  | 0.32-a0-779-g362cfcae2a
  1617 | D:3      | Reached skill level 1 in Short Blades
  1717 | D:3      | Noticed Sigmund
  1785 | D:3      | Reached XP level 5. HP: 24/24 MP: 11/11
  2502 | D:3      | Killed Sigmund
  2503 | D:3      | Reached skill level 4 in Spellcasting
  2503 | D:3      | Reached XP level 6. HP: 29/29 MP: 3/13
  2625 | D:3      | Found a transporter.
  2630 | D:3      | Found a one-way gate to the infinite horrors of the Abyss.
  2630 | D:3      | Noticed avangion's ghost (amateur DECj)
  2635 | D:3      | Found a transporter.
  2651 | D:3      | Noticed a small abomination
  2676 | D:3      | Found a faded altar of an unknown god.
  2781 | D:3      | Found a bloodstained altar of Trog.
  3057 | D:3      | Reached skill level 1 in Armour
  3121 | D:3      | Reached XP level 7. HP: 17/32 MP: 0/15
  4077 | D:4      | Reached skill level 5 in Spellcasting
  4177 | D:4      | Found an ornate altar of the Wu Jian Council.
  4179 | D:4      | Noticed Ijyb
  4190 | D:4      | Killed Ijyb
  4362 | D:4      | HP: 1/32 [water moccasin (3)]
  4362 | D:4      | Killed from afar by an orc priest

Illustrated notes

Levels and vault maps discovered:
D:1:      wander_arrival_peaceful_grave, layout_loops_ring, minmay_tetromino_i2
D:2:      layout_rooms, serial_shops, nicolae_shop_bloodbath_and_beyond, shop,
          dk_vineyard_1
D:3:      wad_river_or_something, layout_basic, mainiacjoe_overflow_alcove_1,
          gammafunk_ghost_abyssal_escape, hellmonk_ecumenical_altar_run_dry,
          uniq_sigmund
D:4:      layout_loops_ring, amcnicky_altar_gilded, minmay_bent, uniq_eustachio,
          uniq_menkaure, uniq_ijyb

Skill      XL: |  1  2  3  4  5  6  7 |
---------------+----------------------+-----
Spellcasting   | 3 4 5 |  5.1
Earth Magic    | 4 |  4.5
Short Blades   | 1 2 |  2.4
Stealth        | 3 |  3.1
Armour         | 1 |  1.1
Fighting       | |  0.6
Dodging        | |  1.9
Shields        | |  0.2
Conjurations   | |  1.3

Action                     |  1- 3 |  4- 6 |  7- 9 || total
---------------------------+-------+-------+-------++-------
  Melee: Short sword       |     8 |    50 |    16 ||    74
         Bite              |     1 |    14 |     4 ||    19
  Throw: Dart              |       |     3 |       ||     3
   Cast: Sandblast         |    34 |    50 |    10 ||    94
         Stone Arrow       |       |     2 |       ||     2
         Passwall          |       |       |     1 ||     1
  Evoke: Phantom mirror    |       |       |     2 ||     2
    Use: Scroll            |       |     7 |     3 ||    10
   Stab: Sleeping          |       |     3 |     1 ||     4
 Armour: Robe              |     9 |     7 |       ||    16
         Leather armour    |       |    43 |    20 ||    63
  Dodge: Dodged            |    13 |    45 |     6 ||    64
  Block: Other             |       |     9 |     8 ||    17
         Reflection        |       |     1 |       ||     1

Table legend: (Time is in decaauts)
 A = Elapsed time spent in this place.
 B = Non-inter-level travel time spent in this place.
 C = Inter-level travel time spent in this place.
 D = Time resting spent in this place.
 E = Time spent auto-exploring this place.
 F = Levels seen in this place.
 G = Mean time per level.
                   A        B        C        D        E       F      G
               +--------+--------+--------+--------+--------+-----+--------+
         Total |   4410 |   4067 |    343 |   1225 |   2008 |   4 | 1102.5 |
       Dungeon |   4410 |   4067 |    343 |   1225 |   2008 |   4 | 1102.5 |
               +--------+--------+--------+--------+--------+-----+--------+

Top non-repeatable levels by time:
     D:3: 2243 daAuts
     D:2: 828 daAuts
     D:1: 815 daAuts
     D:4: 522 daAuts
